 Dungeon Crawl Stone Soup version 0.18.1-6-gd335043 (webtiles) character file.

289 manyhoops the Covered (level 6, 0/49 HPs)
             Began as a Demonspawn Fighter on May 16, 2016.
             Succumbed to an adder's poison
             ... in a sewer.
             The game lasted 00:07:12 (3007 turns).

manyhoops the Covered (Demonspawn Fighter)          Turns: 3007, Time: 00:07:13

Health: 0/49       AC: 13    Str: 18    XL:     6   Next: 9%
Magic:  0/6        EV:  7    Int:  9    God:
Gold:   78         SH:  0    Dex: 12    Spells: 0 memorised, 5 levels left

rFire  . . .     SeeInvis .     a - +0 war axe
rCold  . . .     Gourm    .     j - +0 chain mail
rNeg   . . .     Faith    .     (no shield)
rPois  .         Spirit   +     (helmet restricted)
rElec  .         Dismiss  .     (no cloak)
rCorr  .         Reflect  .     (no gloves)
SustAt .         Harm     .     (no boots)
MR     .....                    l - amulet of inaccuracy (curse)
Stlth  ..........               (no ring)
                                (no ring)

@: lethally poisoned (0 -> -9), not resistant to hostile enchantments, extremely
unstealthy
A: antennae 1, rough black scales 1, magic shield
a: no special abilities


You were in a sewer.
You were hungry.

You visited 1 branch of the dungeon, and saw 3 of its levels.
You also visited: Sewer.

You collected 78 gold pieces.

Inventory:

Hand Weapons
 a - a +0 war axe (weapon)
Armour
 b - a +0 scale mail
 j - a +0 chain mail (worn)
Jewellery
 i - an uncursed amulet of the gourmand
 l - a cursed amulet of inaccuracy (around neck)
Scrolls
 e - 4 scrolls of teleportation
 g - 2 scrolls of fear
 h - a scroll of identify
Potions
 c - a potion of cancellation
 k - 2 potions of brilliance
 m - 2 potions of flight
Comestibles
 f - a bread ration


   Skills:
 + Level 4.3 Fighting
 + Level 3.2 Axes
 + Level 4.7 Armour
   Level 2.6 Shields


You had 5 spell levels left.
You didn't know any spells.

Dungeon Overview and Level Annotations

Branches:
Dungeon (3/15)

Altars:
Ashenzari

Annotations:
D:2 Robin, Sigmund


Innate Abilities, Weirdness & Mutations

You have a pair of small antennae on your head.
You are partially covered in rough black scales (AC +4, Dex -1).
When hurt, damage is shared between your health and your magic reserves.


Message History

The adder is heavily wounded.
Your chain mail prevents you from hitting the worm.
The worm is severely wounded.
* * * LOW HITPOINT WARNING * * *
You feel sick.
The adder bites you but does no damage. x2
Unknown command.
You miss the adder.
The adder is heavily wounded.
You barely miss the worm.
The worm is severely wounded.
The adder bites you.
* * * LOW HITPOINT WARNING * * *
You are more poisoned.
The adder poisons you! The worm bites you but does no damage.
The adder bites you but does no damage.
You miss the adder.
The adder is heavily wounded.
You closely miss the worm.
The worm is severely wounded.
You die...

##≈## ##≈## ##≈## #≈## #≈#
#≈# #≈≈ #≈# #≈# #≈## #≈# #≈#
##≈## ##≈## ##≈## # ##≈≈≈##
##.≈.## ##...##
####≈.≈.≈#####≈...≈####≈....#
≈≈≈≈.≈..≈≈≈≈≈≈≈≈∩≈.≈≈≈≈....≈#
####.≈..≈#####≈.@..####.....#
# ##.≈≈## ##.Sw## ##.≈≈##
##≈## ##≈## ##### #†# #≈# #≈#
#≈# ##≈## #≈# ##.≈.## ≈.. #
#....≈##### .≈≈ #
#.≈...≈≈≈≈≈.≈...


You could see a worm and an adder.

Vanquished Creatures
  A big kobold (Sewer)
  6 adders
  2 river rats (Sewer)
  5 oozes
  5 worms
  2 dart slugs (D:1)
  7 giant geckos
  An orc (D:3)
  4 giant cockroaches
  14 goblins
  8 hobgoblins
  8 jackals
  10 kobolds
  A ball python (Sewer)
  8 bats
  3 giant newts (D:1)
  14 rats
99 creatures vanquished.

Notes
Turn   | Place    | Note
--------------------------------------------------------------
     0 | D:1      | manyhoops the Demonspawn Fighter began the quest for the Orb.
     0 | D:1      | Reached XP level 1. HP: 18/18 MP: 1/1
   143 | D:1      | Gained mutation: When hurt, damage is shared between your health and your magic reserves. [demonic ancestry]
   143 | D:1      | Reached XP level 2. HP: 21/24 MP: 2/2
   430 | D:1      | Gained mutation: You have a pair of small antennae on your head. [demonic ancestry]
   430 | D:1      | Reached XP level 3. HP: 29/29 MP: 3/3
  1119 | D:2      | Gained mutation: You are partially covered in rough black scales (AC +4, Dex -1). [demonic ancestry]
  1119 | D:2      | Reached XP level 4. HP: 29/37 MP: 4/4
  1282 | D:2      | Noticed Robin
  1815 | D:2      | Noticed Sigmund
  2009 | D:2      | Found a shattered altar of Ashenzari.
  2195 | D:3      | Reached XP level 5. HP: 37/42 MP: 5/5
  2266 | D:3      | Found a glowing drain.
  2326 | Sewer    | Entered a sewer
  2894 | Sewer    | Reached XP level 6. HP: 44/48 MP: 6/6
  3006 | Sewer    | HP: 2/49 [adder (1)]
  3007 | Sewer    | Succumbed to an adder's poison

Skill      XL: |  1  2  3  4  5 |
---------------+----------------+-----
Armour         | 3 4 |  4.7
Axes           | 2 3 |  3.2
Fighting       | 4 |  4.3
Shields        | |  2.6

Action                   |  1- 3 |  4- 6 || total
-------------------------+-------+-------++-------
Melee: War axe           |   118 |   475 ||   593
  Use: Scroll            |       |    10 ||    10
       Potion            |       |     2 ||     2
  Eat: Chunk             |     1 |     7 ||     8
Armor: Scale mail        |    47 |       ||    47
       Chain mail        |    47 |   505 ||   552
Dodge: Dodged            |    91 |   281 ||   372
